 Dungeon Crawl Stone Soup version 0.14-a0-30-gf0b6e91 (webtiles) character file.

177 Malachi the Vexing (level 4, -1/30 HPs)
             Began as a Vampire Enchanter on Sept 27, 2013.
             Rotted away (potion of mutation)
             ... on Level 2 of the Dungeon.
             The game lasted 00:03:21 (1501 turns).

Malachi the Vexing (Vampire Enchanter)              Turns: 1501, Time: 00:03:21

HP  -1/30        AC  3     Str  7      XL: 4   Next: 18%
MP   1/8         EV 19     Int 23      God:
Gold 97          SH  0     Dex 19      Spells:  2 memorised,  2 levels left

Res.Fire  : . . .   See Invis. : +   a - +1 dagger
Res.Cold  : + + .   Warding    : .   b - +1 robe
Life Prot.: + + +   Conserve   : .   (no shield)
Res.Poison: +       Res.Corr.  : .   (no helmet)
Res.Elec. : .       Clarity    : .   (no cloak)
Sust.Abil.: . .     Spirit.Shd : .   (no gloves)
Res.Mut.  : .       Stasis     : .   (no boots)
Res.Rott. : +       Flight     : .   (no amulet)
Saprovore : . . .                    (no ring)
                                     (no ring)

@: regenerating slowly, brilliant, agile, slightly resistant to hostile
enchantments, very stealthy
A: fangs 3, see invisible, unbreathing
a: Bat Form


You were on level 2 of the Dungeon.
You were near bloodless.

You visited 1 branch of the dungeon, and saw 2 of its levels.

You collected 77 gold pieces.

Inventory:

Hand weapons
 a - a +1,+1 dagger (weapon)
Missiles
 d - 12 darts (quivered)
Armour
 b - a +1 robe (worn)
Scrolls
 g - a scroll of enchant weapon II {unknown}
 h - a scroll of teleportation {unknown}
 i - 2 scrolls of blinking {unknown}
 k - a scroll of curse weapon {unknown}
 l - a scroll of identify {unknown}
 o - a scroll of random uselessness {unknown}
 p - a scroll of remove curse {unknown}
 q - 2 scrolls of curse armour {unknown}
Potions
 e - a potion of blood
 f - a potion of mutation {unknown}
 j - a potion of agility
 m - a potion of curing {unknown}
 n - a potion of might {unknown}
 r - a potion of brilliance
 s - a potion of paralysis {unknown}
Books
 c - a book of Maledictions

   Spells                             Type                      Level
   *Corona                            Hexes                        1
   Sure Blade                         Hexes/Charms                 2
   *Ensorcelled Hibernation           Hexes/Ice                    2
   Confuse                            Hexes                        3
   Enslavement                        Hexes                        4
   Invisibility                       Hexes                        6


   Skills:
 + Level 0.1 Fighting
 + Level 1.4 Short Blades
 + Level 0.7 Throwing
 + Level 3.1 Dodging
 + Level 4.3 Stealth
 + Level 1.0 Spellcasting
 * Level 5.7 Hexes
 + Level 0.2 Ice Magic


You had 2 spell levels left.
You knew the following spells:

 Your Spells              Type           Power        Failure   Level  Hunger
a - Corona                Hex            #####..      1%          1    ##.....
b - Ensorcelled Hibernat  Hex/Ice        ####..       1%          2    ###....


Dungeon Overview and Level Annotations

Branches:
Dungeon (2/27)

Altars:


Innate Abilities, Weirdness & Mutations

You heal slowly.
You have razor-sharp teeth.*
You have supernaturally acute eyesight.
You can survive without breathing.*


Message History

The worm bites you.
* * * LOW HITPOINT WARNING * * *
You barely miss the worm.
The worm is lightly wounded.
You barely miss the worm. You bite the worm.
The worm is moderately wounded.
The worm bites you.
* * * LOW HITPOINT WARNING * * *
You hit the worm.
The worm is heavily wounded.
Drink which item? (? for menu, Esc to quit)
You feel more agile all of a sudden.
It was a potion of agility.
The worm closely misses you.
Drink which item? (? for menu, Esc to quit)
You feel more clever all of a sudden.
It was a potion of brilliance.
The worm bites you but does no damage.
Drink which item? (? for menu, Esc to quit)
You feel extremely strange.
Your body decomposes!
You die...

##...##)....[#.#...#.#
#(...)%(####.......#.#
#.....###?%##..#...#.#
#.....##g!..#..#...#.#
##.).'#%..!.#..#...#.#
#####.# ##..#...#.#
#g#####...##.##.##
##w##..............
#.@%#..............
##.##.####.##.##.##
###...............
...#####.##.##.##
#.##.##.# #.##.##.#
####.##.##.##
#%.........#.
#####..........#.


You could see a worm and a goblin.

Vanquished Creatures
  3 adders (D:2)
  3 giant geckos
  An ooze (D:1)
  4 bats (D:1)
  A giant cockroach (D:1)
  9 goblins
  4 hobgoblins (D:2)
  2 ball pythons (D:1)
  6 giant newts
  7 jackals (D:1)
  6 kobolds
  4 rats
50 creatures vanquished.

Notes
Turn   | Place    | Note
--------------------------------------------------------------
     0 | D:1      | Malachi, the Vampire Enchanter, began the quest for the Orb.
     0 | D:1      | Reached XP level 1. HP: 13/13 MP: 4/4
   236 | D:1      | Reached skill level 5 in Hexes
   274 | D:1      | Reached XP level 2. HP: 16/19 MP: 5/5
   451 | D:1      | Learned a level 2 spell: Ensorcelled Hibernation
   731 | D:1      | Reached XP level 3. HP: 24/24 MP: 6/6
  1406 | D:2      | Reached XP level 4. HP: 25/30 MP: 2/8
  1501 | D:2      | Rotted away (potion of mutation)

Action                   |  1- 3 |  4- 6 || total
-------------------------+-------+-------++-------
Melee: Dagger            |   151 |    23 ||   174
 Cast: Ensorcelled Hiber |     9 |     4 ||    13
  Use: Potion            |       |     2 ||     2
 Stab: Sleeping          |    15 |     1 ||    16
